 Dungeon Crawl Stone Soup version 0.30-a0-415-g685d318daa (webtiles) character file.

Game seed: 12814014274214127698

17737 Lobo000 the Fighter (level 12, -2/115 HPs)
             Began as a Purple Draconian Berserker on Dec 8, 2022.
             Was a High Priest of Trog.
             Slain by a troll (9 damage)
             ... on level 10 of the Dungeon.
             The game lasted 00:40:47 (15062 turns).

Lobo000 the Fighter (Purple Draconian Berserker)   Turns: 15062, Time: 00:40:48

Health: -2/115     AC:  5    Str: 24    XL:     12   Next: 21%
Magic:  0/12       EV: 25    Int: 11    God:    Trog [*****.]
Gold:   120        SH:  0    Dex: 13    Spells: 11/11 levels left

rFire   . . .      SeeInvis .    J - +9 short sword of Articulation {vorpal, Drain rPois rN+ Int+2}
rCold   . . .      Faith    .    (no shield)
rNeg    + . .      Spirit   +    (body armour unavailable)
rPois   +          Reflect  .    (helmet restricted)
rElec   .          Harm     .    (no cloak)
rCorr   +          Rampage  .    w - +1 pair of gloves
Will    +....                    q - +2 pair of boots
Stlth   +.........               r - amulet of guardian spirit
HPRegen 0.39/turn                d - +4 ring of evasion
MPRegen 0.13/turn                A - ring of Tieppila {rCorr EV+4 Dex+3}

@: corroded
A: breathe power, AC +8, unfitting armour, cold-blooded
a: Breathe Dispelling Energy, Renounce Religion, Berserk, Trog's Hand, Brothers
in Arms


You were on level 10 of the Dungeon.
You worshipped Trog.
Trog was extremely pleased with you.
You visited 2 branches of the dungeon, and saw 12 of its levels.

You collected 510 gold pieces.
You spent 390 gold pieces at shops.

Inventory:

Hand Weapons
 a - a +0 mace
 i - a +0 demon whip of venom
 j - a +0 falchion
 k - a +2 antimagic short sword
 m - a +4 great sword
 o - a +3 vorpal flail
 u - a +0 sling
 z - a +0 vorpal morningstar
 D - the +5 flail of Untruth {vorpal, rPois Will+}
   (You found it on level 9 of the Dungeon)

   It inflicts extra damage upon your enemies.
   rPois:     It protects you from poison.
   Will:      It increases your willpower.
 E - a +1 war axe of freezing
 F - a +1 scimitar
 J - the +9 short sword of Articulation (weapon) {vorpal, Drain rPois rN+ Int+2}
   (You found it on level 9 of the Dungeon)

   It inflicts extra damage upon your enemies.
   Int:       It affects your intelligence (+2).
   rPois:     It protects you from poison.
   rN:        It protects you from negative energy.
   Drain:     It drains your maximum health when unequipped.
 K - a +3 mace of protection
Missiles
 L - 2 throwing nets (quivered)
Armour
 f - a +0 leather armour
 h - a +0 helmet
 q - a +2 pair of boots (worn)
 w - a +1 pair of gloves (worn)
Magical Staves
 C - a staff of conjuration
Jewellery
 b - an amulet of faith
 d - a +4 ring of evasion (left hand)
 e - a ring of positive energy
 p - a ring of positive energy
 r - an amulet of guardian spirit (around neck)
 v - a ring of willpower
 A - the ring of Tieppila (right hand) {rCorr EV+4 Dex+3}
   (You found it on level 6 of the Dungeon)

   [ring of evasion]

   EV:        It affects your evasion (+4).
   Dex:       It affects your dexterity (+3).
   rCorr:     It protects you from acid and corrosion.
 I - a ring of protection from fire
Wands
 s - a wand of roots (14)
 y - a wand of flame (13)
 H - a wand of acid (2)
Scrolls
 c - 7 scrolls of identify
 x - a scroll of blinking
 G - a scroll of noise
 M - a scroll of fog {unknown}
Potions
 l - a potion of flight
 n - a potion of mutation {unknown}
 B - a potion of haste


   Skills:
 + Level 13.1 Fighting
 - Level 2.0 Short Blades
 + Level 12.0 Maces & Flails
 + Level 11.0 Dodging
 - Level 0.7 Stealth


You had 11 spell levels left.
You didn't know any spells.
Your spell library contained the following spells:

 Spells                   Type           Power      Damage    Failure   Level
 Cigotuvi's Dreadful Rot  Necr/Pois/Air  0%         N/A       47%         2
 Poisonous Vapours        Pois/Air       0%         N/A       47%         2
 Mephitic Cloud           Conj/Pois/Air  0%         N/A       71%         3


Dungeon Overview and Level Annotations

Branches:
Dungeon (11/15)            Temple (1/1) D:7            Lair (0/5) D:10
    Orc: D:9-12

Altars:
Dithmenos
Gozag
Hepliaklqana
Kikubaaqudgha
Makhleb
Okawaru
Qazlal
Ru
Sif Muna
Uskayaw
Vehumet
Wu Jian
Xom
Yredelemnul
Zin
Jiyva

Shops:
D:9 =   D:10 =

Annotations:
D:10 exclusion: 2 oklob plants


Innate Abilities, Weirdness & Mutations

You can breathe bolts of dispelling energy.
Your rich purple scales are hard. (AC +8)
You cannot fit into any form of body armour.
You are cold-blooded and may be slowed by cold attacks.


Message History

The acid dragon is lightly wounded.
The acid dragon bites you. The acid dragon claws you. The troll bites you!
* * * LOW HITPOINT WARNING * * *
The troll misses you. x2
You hit the acid dragon but do no damage.
The acid dragon is lightly wounded.
The two-headed ogre completely misses you.
The two-headed ogre misses you. The acid dragon barely misses you. x2
The troll misses you. The troll closely misses you.
The troll completely misses you.
You hit the acid dragon.
The acid dragon is moderately wounded.
The acid dragon closely misses you. x2; The troll misses you.
The troll closely misses you. The troll claws you but does no damage.
You hit the acid dragon but do no damage.
Your tail-slap misses the acid dragon.
The acid dragon is moderately wounded.
The two-headed ogre barely misses you. x2; The troll closely misses you.
The troll barely misses you. The troll claws you!
* * * LOW HITPOINT WARNING * * *
The acid dragon misses you. The acid dragon barely misses you.
You feel better. The two-headed ogre misses you.
The two-headed ogre closely misses you. The acid dragon closely misses you.
The acid dragon completely misses you. The troll barely misses you.
The troll claws you but does no damage. The troll misses you.
The two-headed ogre attacks as you move away!
The two-headed ogre hits you with a +0 giant club!!
* * * LOW HITPOINT WARNING * * *
The two-headed ogre misses you. The troll attacks as you move away!
The troll misses you. The troll closely misses you.
The troll completely misses you. The troll attacks as you move away!
The troll bites you but does no damage. The troll closely misses you.
The troll completely misses you.
The two-headed ogre attacks as you move away!
The two-headed ogre completely misses you.
The two-headed ogre hits you with a +0 giant spiked club!
* * * LOW HITPOINT WARNING * * *
The troll attacks as you move away! The troll barely misses you.
The troll claws you!
You die...

#........# #.....# ### #......###
#..#... ### #.###.......#
###.#..#. ##.# ###..###......###
#...#.##.
#..###...............#####.#..PP
#...##.......#........# ##.#≈..P
##..##..######........###..#...P
#....#...## ###............#.##.
##....#....###..@.#.##......#..#.
#...#.......##OT.####..[.....#...
....#............####..........?#
#(....##.....D....##...##........
...................#....###.[...#
................#.......##....###
....#...#.......###...........###
....#............##..............
....###..........##..............


You could see a two-headed ogre, a troll and an acid dragon.

Vanquished Creatures
  Gastronok (D:9)
  A catoblepas (D:9)
  3 centaur warriors (D:9)
  Nergalle (D:10)
  Amaemon (D:10)
  A deep elf archer (D:9)
  A deep elf pyromancer (D:9)
  An ugly thing (D:9)
  A manticore (D:9)
  An orange demon (D:10)
  Maggie (D:6)
  A kobold demonologist (D:10)
  4 trolls
  2 hornets
  Sigmund (D:3)
  2 wraiths
  9 yaks
  A shadow (D:9)
  A human (shapeshifter) (D:9)
  6 wyverns
  2 steam dragons
  3 vampire mosquitoes (D:9)
  Edmund (D:6)
  Menkaure (D:5)
  3 water moccasins
  An acid dragon (D:10)
  2 ice beasts
  4 orc warriors
  3 sky beasts
  A black bear (D:6)
  2 ogres
  6 centaurs
  2 kobold brigands
  5 bullfrogs
  A gnoll sergeant (D:10)
  2 scorpions
  15 wights
  6 killer bees (D:11)
  A howler monkey (D:6)
  4 orc priests
  2 hounds
  4 jellies
  A gnoll bouda (D:5)
  2 iguanas (D:6)
  Ijyb (D:3)
  Terence (D:3)
  5 orc wizards
  Natasha (thrice) (D:3)
  14 gnolls
  9 adders
  3 shadow imps
  A white imp (D:7)
  4 worms
  3 dart slugs
  31 orcs
  5 endoplasms
  3 giant cockroaches
  4 goblins
  7 hobgoblins
  7 jackals
  20 kobolds
  4 quokkas
  5 ball pythons
  8 bats
  5 frilled lizards
  6 rats
263 creatures vanquished.

Vanquished Creatures (collateral kills)
  The ghost of Essalna the Fighter, a novice DjVM of Makhleb (D:8)
  2 slime creatures (D:8)
  A centaur (D:9)
  2 jellies (D:8)
  An orc wizard (D:8)
  2 kobolds (D:8)
9 creatures vanquished.

Grand Total: 272 creatures vanquished

Notes
Turn   | Place    | Note
-------+----------+-------------------------------------------
     0 | D:1      | Lobo000 the Draconian Berserker began the quest for the
                  | Orb.
     0 | D:1      | Reached XP level 1. HP: 19/19 MP: 1/1
   122 | D:1      | Reached XP level 2. HP: 15/26 MP: 2/2
   686 | D:1      | Reached XP level 3. HP: 33/33 MP: 1/3
   852 | D:1      | Found a shimmering altar of Xom.
   976 | D:2      | Reached ** piety under Trog
  1378 | D:3      | Noticed Natasha
  1390 | D:3      | Killed Natasha
  1391 | D:3      | Reached skill level 4 in Fighting
  1391 | D:3      | Reached skill level 1 in Short Blades
  1391 | D:3      | Reached XP level 4. HP: 37/40 MP: 1/4
  1444 | D:3      | Noticed Natasha
  1464 | D:3      | Killed Natasha
  1560 | D:3      | Found a faded altar of an unknown god.
  1595 | D:3      | Noticed Terence
  1605 | D:3      | Killed Terence
  1622 | D:3      | Reached XP level 5. HP: 40/46 MP: 5/5
  1871 | D:3      | Noticed Ijyb
  1952 | D:3      | Noticed Sigmund
  1967 | D:3      | Killed Sigmund
  1968 | D:3      | Reached skill level 5 in Fighting
  1968 | D:3      | Reached XP level 6. HP: 47/56 MP: 6/6
  2291 | D:3      | Killed Ijyb
  2295 | D:3      | Noticed Natasha
  2317 | D:3      | Killed Natasha
  2978 | D:4      | Reached *** piety under Trog
  3232 | D:4      | Found a sacrificial altar of Ru.
  3841 | D:4      | Reached skill level 5 in Maces & Flails
  3841 | D:4      | Your scales start taking on a rich purple colour.
  3841 | D:4      | Reached XP level 7. HP: 61/61 MP: 7/7
  3971 | D:5      | Entered Level 5 of the Dungeon
  4214 | D:5      | Noticed Menkaure
  4414 | D:5      | Found an ornate altar of the Wu Jian Council.
  4584 | D:5      | Reached skill level 6 in Fighting
  4595 | D:5      | Found an opulent altar of Gozag.
  4762 | D:5      | Killed Menkaure
  4763 | D:5      | Reached skill level 5 in Dodging
  5031 | D:5      | Found a stormy altar of Qazlal.
  5165 | D:6      | Noticed Maggie
  5179 | D:6      | Killed Maggie
  5180 | D:6      | Reached XP level 8. HP: 19/71 MP: 8/8
  5409 | D:6      | Reached skill level 7 in Fighting
  5839 | D:6      | Noticed Edmund
  5849 | D:6      | Killed Edmund
  5852 | D:6      | Identified the ring of Tieppila {rCorr EV+4 Dex+3}
  6133 | D:6      | Reached **** piety under Trog
  6217 | D:6      | Reached skill level 8 in Fighting
  6350 | D:6      | Reached XP level 9. HP: 73/81 MP: 9/9
  6979 | D:7      | Found a staircase to the Ecumenical Temple.
  7110 | D:7      | Reached skill level 9 in Fighting
  7841 | Temple   | Entered the Ecumenical Temple
  8246 | D:8      | Found a runed translucent gate.
  8246 | D:8      | Found a runed translucent gate.
  8246 | D:8      | Found a runed translucent gate.
  8249 | D:8      | Noticed Essalna's ghost (novice DjVM)
  8254 | D:8      | Found a viscous altar of Jiyva.
  8283 | D:8      | Reached XP level 10. HP: 90/92 MP: 10/10
  8364 | D:8      | Found a shadowy altar of Dithmenos.
  9185 | D:8      | Killed Essalna's ghost
  9186 | D:8      | Reached skill level 10 in Fighting
  9720 | D:9      | Noticed a green ugly thing
  9737 | D:9      | Killed a green ugly thing
  9900 | D:9      | Reached skill level 10 in Maces & Flails
  9901 | D:9      | Noticed a centaur warrior
  9913 | D:9      | Reached skill level 11 in Fighting
 10146 | D:9      | Found Zashroegui's Jewellery Emporium.
 10507 | D:9      | Reached XP level 11. HP: 74/102 MP: 11/11
 10609 | D:9      | Noticed a centaur warrior
 10621 | D:9      | Killed a centaur warrior
 10812 | D:9      | Noticed a catoblepas
 10812 | D:9      | Noticed a deep elf pyromancer
 10825 | D:9      | Killed a catoblepas
 10836 | D:9      | Killed a deep elf pyromancer
 11011 | D:9      | Noticed a deep elf archer
 11012 | D:9      | Noticed a wolf spider
 11027 | D:9      | HP: 7/156 [poisoned by a wolf spider]
 11032 | D:9      | HP: 5/156 [poisoned by a wolf spider]
 11413 | D:9      | Noticed Gastronok
 11633 | D:9      | Killed a centaur warrior
 11908 | D:9      | Reached skill level 10 in Dodging
 11954 | D:10     | Entered Level 10 of the Dungeon
 11958 | D:10     | Reached skill level 12 in Fighting
 11962 | D:10     | Noticed Nergalle
 11982 | D:10     | Killed Nergalle
 12048 | D:10     | Found a staircase to the Lair.
 12048 | D:10     | Noticed an oklob plant
 12048 | D:10     | Noticed an oklob plant
 12074 | D:10     | Found Vekon's Jewellery Shop.
 12086 | D:10     | Bought an amulet of guardian spirit for 390 gold pieces
 12544 | D:9      | Killed a deep elf archer
 12790 | D:9      | Killed Gastronok
 13080 | D:9      | Noticed a centaur warrior
 13090 | D:9      | Killed a centaur warrior
 13100 | D:9      | Identified the +9 short sword of Articulation {vorpal,
                  | Drain rPois rN+ Int+2}
 13101 | D:9      | Identified the +5 flail of Untruth {vorpal, rPois Will+}
 13305 | D:10     | Reached XP level 12. HP: 58/113 MP: 7/12
 13647 | D:10     | Found an iron altar of Okawaru.
 13659 | D:10     | Found an ancient bone altar of Kikubaaqudgha.
 13810 | D:10     | Found a glowing silver altar of Zin.
 13811 | D:10     | Noticed Amaemon
 14015 | D:10     | Killed Amaemon
 14015 | D:10     | Reached ***** piety under Trog
 14016 | D:10     | Reached skill level 13 in Fighting
 14424 | D:10     | Found a shimmering altar of Xom.
 14425 | D:10     | Found a hazy altar of Hepliaklqana.
 14632 | D:11     | Received a gift from Trog
 14693 | D:11     | Noticed a two-headed ogre
 15056 | D:10     | HP: 5/115 [two-headed ogre/+0 giant club (12)]
 15062 | D:10     | Slain by a troll

Illustrated notes

Levels and vault maps discovered:
D:1:      dpeg_arrival_lava_altar, layout_loops_cross, minmay_small_reverse_x
D:2:      layout_rooms, minmay_lizard_pond
D:3:      layout_loops_ring, dreamdust_ecumenical_altar_angels_and_demons,
          serial_glass, glass_columns_a, glass_columns_c,
          chequers_serial_rivers_micro_b, chequers_serial_rivers_large_a,
          minmay_fractal_squares_5, uniq_natasha, uniq_terence, uniq_sigmund,
          uniq_ijyb
D:4:      layout_basic, lemuel_crystal_altar
D:5:      nicolae_cairo_tiling_large, layout_loops_ring,
          nicolae_wu_jian_immortal_techniques,
          mainiacjoe_overflow_surrounded_room, mainiacjoe_overflow_boulevard,
          kennysheep_generic_room_4, uniq_menkaure
D:6:      layout_loops_corners, uniq_edmund, uniq_maggie
D:7:      layout_loops_ring, minmay_temple_entry_slanted
D:8:      layout_gridville, grunt_dithmenos_smoke_and_mirrors,
          gammafunk_ghost_ooze
D:9:      minmay_sliced_demisemicircle, layout_irregular_city, serial_shops,
          shop, onia_ninara_cookie, uniq_gastronok
D:10:     layout_cave_pools, regret_index_temple_of_mockery,
          lemuel_crystal_altar, kiku_gazebo_pond_becter, okawaru_gym_becter,
          dpeg_oklobed_lair, serial_shops, shop, uniq_amaemon, uniq_nergalle
D:11:     layout_rooms, hiddenorc1_lemuel, serial_shops, nicolae_square_shop
Temple:   hellmonk_temple_forest_ring

Skill      XL: |  1  2  3  4  5  6  7  8  9 10 11 12 |
---------------+-------------------------------------+-----
Dodging        | 3 4 5 6 8 9 10 11 | 11.0
Fighting       | 4 5 6 8 9 11 12 13 | 13.1
Short Blades   | 1 2 |  2.0
Maces & Flails | 4 5 6 7 8 10 11 12 | 12.0
Stealth        | |  0.7

Action                   |  1- 3 |  4- 6 |  7- 9 | 10-12 || total
-------------------------+-------+-------+-------+-------++-------
Melee: Mace              |    63 |       |       |       ||    63
       Tailslap          |    13 |    19 |    30 |    87 ||   149
       Short sword       |    75 |    20 |       |   225 ||   320
       Punch             |     1 |       |     4 |     9 ||    14
       Flail             |       |   136 |   277 |   276 ||   689
Invok: Brothers in Arms  |       |       |       |     3 ||     3
       Berserk           |       |       |       |     3 ||     3
  Use: Scroll            |     6 |       |     1 |    13 ||    20
       Potion            |       |       |     1 |    15 ||    16
 Stab: Sleeping          |     1 |     1 |     6 |     1 ||     9
Armor: Skin              |    55 |    21 |    40 |   160 ||   276
Dodge: Dodged            |   134 |   130 |   252 |   927 ||  1443

Table legend: (Time is in decaauts)
 A = Elapsed time spent in this place.
 B = Non-inter-level travel time spent in this place.
 C = Inter-level travel time spent in this place.
 D = Time resting spent in this place.
 E = Time spent auto-exploring this place.
 F = Levels seen in this place.
 G = Mean time per level.
                   A        B        C        D        E       F      G
               +--------+--------+--------+--------+--------+-----+--------+
         Total |  15213 |  14482 |    731 |   3063 |   8639 |  12 | 1267.8 |
       Dungeon |  15181 |  14459 |    722 |   3063 |   8621 |  11 | 1380.1 |
        Temple |     31 |     22 |      9 |      0 |     18 |   1 |   31.0 |
               +--------+--------+--------+--------+--------+-----+--------+

Top non-repeatable levels by time:
     D:9: 3320 daAuts
    D:10: 1979 daAuts
     D:8: 1774 daAuts
     D:6: 1682 daAuts
     D:4: 1356 daAuts
     D:3: 1314 daAuts
     D:5: 1200 daAuts
     D:7: 1026 daAuts
     D:1: 880 daAuts
     D:2: 510 daAuts
    D:11: 138 daAuts
  Temple: 31 daAuts
